 Dungeon Crawl Stone Soup version 0.25-a0-413-g3b4b6a4ccc (webtiles) character file.

Game seed: 17160267094555603692, levelgen mode: deterministic

408 ReteAZ the Twirler (level 6, 0/52 HPs)
             Began as a Gargoyle Gladiator on Jan 15, 2020.
             Killed by nerve-wracking pain
             ... invoked by an orc priest
              (2 damage)
             ... on level 4 of the Dungeon.
             The game lasted 00:03:08 (2886 turns).

ReteAZ the Twirler (Gargoyle Gladiator)             Turns: 2886, Time: 00:03:09

Health: 0/52       AC: 14    Str: 25    XL:     6   Next: 88%
Magic:  6/6        EV:  9    Int:  8    God:
Gold:   68         SH:  0    Dex: 11    Spells: 5/5 levels left

rFire    . . .     SeeInvis .   q - +2 flail (crush)
rCold    . . .     Gourm    .   (no shield)
rNeg     + . .     Faith    .   x - +0 chain mail (curse)
rPois    ∞         Spirit   .   c - +0 helmet
rElec    +         Reflect  .   (no cloak)
rCorr    .         Harm     .   (no gloves)
MR       .....                  y - +0 pair of boots
Stlth    ..........             (no amulet)
HPRegen  0.17/turn              (no ring)
MPRegen  0.10/turn              (no ring)

@: berserking (expiring), very quick
A: negative energy resistance 1, electricity resistance, unbreathing,
petrification resistance, rot immunity, AC +4
a: no special abilities


You were on level 4 of the Dungeon.
You were hungry.

You visited 1 branch of the dungeon, and saw 4 of its levels.

You collected 68 gold pieces.

Inventory:

Hand Weapons
 a - a +0 quarterstaff
 q - a +2 flail of crushing (weapon)
Missiles
 d - 3 throwing nets (quivered)
Armour
 b - a +0 leather armour
 c - a +0 helmet (worn)
 p - a +0 ring mail
 x - a cursed +0 chain mail (worn)
 y - a +0 pair of boots (worn)
Wands
 z - a wand of iceblast (10)
Scrolls
 e - 4 scrolls of teleportation {unknown}
 i - 3 scrolls of identify {unknown}
 k - 3 scrolls of amnesia {unknown}
 l - a scroll of fog {unknown}
 u - a scroll of magic mapping {unknown}
 w - 2 scrolls of enchant weapon {unknown}
 A - a scroll of fear {unknown}
Potions
 h - a potion of brilliance {unknown}
 j - a potion of berserk rage
 m - 2 potions of agility {unknown}
 n - a potion of degeneration {unknown}
 o - a potion of ambrosia {unknown}
 r - a potion of might {unknown}
 s - 2 potions of magic {unknown}
 t - 2 potions of heal wounds {unknown}
 v - a potion of flight {unknown}
 B - a potion of curing {unknown}
Comestibles
 f - 10 rations
 g - a chunk of flesh


   Skills:
 - Level 2.1 Fighting
 * Level 7.5 Staves
 - Level 1.7 Throwing
 - Level 2.4 Dodging


You had 5 spell levels left.
You didn't know any spells.
Your spell library was empty.

Dungeon Overview and Level Annotations

Branches:
Dungeon (4/15)
 Temple: D:4-7

Altars:
Elyvilon
Qazlal
The Shining One


Innate Abilities, Weirdness & Mutations

You are resistant to torment.
Your stone body is resilient. (AC +4)
You are immune to poison.
You resist negative energy. (rN+)
You are resistant to electric shocks. (rElec)
You can survive without breathing.
You are immune to petrification.
You are immune to rotting.


Message History

The orc priest hits you but does no damage.
You sock the orc priest!
You kill the orc priest!
The phantom blinks!
The orc priest closely misses you.
You closely miss the orc. The orc closely misses you.
You completely miss the orc.
The orc priest hits you from afar with a +0 trident.
* * * LOW HITPOINT WARNING * * *
The orc hits you but does no damage.
You bludgeon the orc!!
You kill the orc!
The orc priest hits you but does no damage.
Items here: )) [[ †† You closely miss the orc priest.
The orc priest hits you but does no damage.
You sock the orc priest!
The orc priest is almost dead.
The orc priest calls down the wrath of Beogh upon you.
Pain shoots through your body!
You die...

........####.###
#. .........
..... #.#
####+#+#.###.###
#.#.# ####.# .
#.. #.#.#
.....#+ +..
#.#.# .......
#(.. ###'#.#
....... ....
#.....##.$.....
#.....'@..W....
#.....##o....#.
#.....#####..#
#..............
#.......#.#. .
... ###.....#
#..## ##.....#
##.... #......#
..... #......#
#....


You could see a phantom and an orc priest.

Vanquished Creatures
  A crimson imp (D:4)
  An orc priest (D:4)
  A hound (D:4)
  An orc wizard (D:4)
  Natasha (thrice) (D:3)
  A worker ant (D:4)
  4 gnolls
  7 adders
  An ooze (D:1)
  2 dart slugs (D:3)
  3 leopard geckos
  6 orcs
  4 giant cockroaches
  8 goblins
  6 hobgoblins
  4 jackals (D:3)
  4 quokkas
  2 ball pythons
  7 bats (D:1)
  A jackal skeleton (D:4)
  6 kobolds
  A quokka skeleton (D:4)
  6 rats
80 creatures vanquished.

Notes
Turn   | Place    | Note
-------+----------+-------------------------------------------
     0 | D:1      | ReteAZ the Gargoyle Gladiator began the quest for the Orb.
     0 | D:1      | Reached XP level 1. HP: 12/12 MP: 1/1
    60 | D:1      | Reached XP level 2. HP: 7/17 MP: 2/2
   369 | D:1      | Reached skill level 4 in Staves
   556 | D:1      | Reached XP level 3. HP: 21/21 MP: 3/3
  1124 | D:2      | Reached XP level 4. HP: 23/26 MP: 4/4
  1231 | D:2      | Reached skill level 5 in Staves
  1320 | D:2      | Found a glowing golden altar of the Shining One.
  1588 | D:3      | Found a stormy altar of Qazlal.
  1681 | D:3      | Reached XP level 5. HP: 16/30 MP: 5/5
  1861 | D:3      | Noticed Natasha
  1866 | D:3      | Killed Natasha
  1889 | D:3      | Noticed Natasha
  1913 | D:3      | Reached skill level 6 in Staves
  1915 | D:3      | Killed Natasha
  1951 | D:3      | Noticed Natasha
  1959 | D:3      | Killed Natasha
  2194 | D:3      | Reached XP level 6. HP: 35/35 MP: 6/6
  2579 | D:4      | Found a white marble altar of Elyvilon.
  2596 | D:4      | Reached skill level 7 in Staves
  2868 | D:4      | Noticed a phantom
  2882 | D:4      | HP: 1/52 [orc priest/+0 trident (2)]
  2886 | D:4      | Killed from afar by an orc priest

Levels and vault maps discovered:
D:1:      denvon_arrival_planthouse, layout_basic
D:2:      layout_rooms, tso_metal_star, amethyst_killhole, skrybe_limestone_x
D:3:      layout_rooms, first_ration, nicolae_qazlal_general_emergency,
          uniq_natasha
D:4:      layout_basic, lemuel_doored_altar

Skill      XL: |  1  2  3  4  5  6 |
---------------+-------------------+-----
Staves         | 4 5 6 7 |  7.5
Fighting       | |  2.1
Throwing       | |  1.7
Dodging        | |  2.4

Action                   |  1- 3 |  4- 6 || total
-------------------------+-------+-------++-------
Melee: Quarterstaff      |    68 |    45 ||   113
       Flail             |       |   121 ||   121
  Use: Potion            |       |     1 ||     1
  Eat: Chunk             |     1 |     5 ||     6
Armor: Leather armour    |    32 |    16 ||    48
       Ring mail         |       |    25 ||    25
       Chain mail        |       |    44 ||    44
Dodge: Dodged            |    58 |    99 ||   157

Table legend:
 A = Non-vault XP
 B = Vault XP
 C = Vault XP percentage of total XP
 D = Non-vault monster count
 E = Vault monster count
 F = Vault count percentage of total count
                 A         B        C        D         E       F
            +---------+---------+-------+---------+---------+-------
      Total |     548 |      35 |   6.0 |      79 |       1 |   1.2
            +---------+---------+-------+---------+---------+-------
        D:1 |      46 |       0 |   0.0 |      24 |       0 |   0.0
        D:2 |      89 |       0 |   0.0 |      17 |       0 |   0.0
        D:3 |     156 |      35 |  18.3 |      19 |       1 |   5.0
        D:4 |     257 |       0 |   0.0 |      19 |       0 |   0.0
            +---------+---------+-------+---------+---------+-------
